 Dungeon Crawl Stone Soup version 0.24.0-13-gcf9b319 (webtiles) character file.

Game seed: 7175420093789607365, levelgen mode: deterministic

1153 ubername the Cutter (level 8, -3/70 HPs)
             Began as a Minotaur Berserker on May 24, 2020.
             Was a Priest of Trog.
             Slain by an orc warrior
             ... wielding a +0 scimitar
              (14 damage)
             ... on level 6 of the Dungeon.
             The game lasted 00:08:24 (6569 turns).

ubername the Cutter (Minotaur Berserker)            Turns: 6569, Time: 00:08:26

Health: -3/70      AC:  9    Str: 29    XL:     8   Next: 16%
Magic:  7/7        EV:  8    Int:  7    God:    Trog [***...]
Gold:   307        SH:  9    Dex: 10    Spells: 7/7 levels left

rFire    + . .     SeeInvis .   q - +0 rapier
rCold    x . .     Gourm    .   k - +0 shield
rNeg     . . .     Faith    .   v - +0 chain mail
rPois    .         Spirit   .   (helmet restricted)
rElec    .         Reflect  .   (no cloak)
rCorr    .         Harm     .   (no gloves)
MR       .....                  (no boots)
Stlth    ..........             (no amulet)
HPRegen  0.21/turn              s - +3 ring of intelligence
MPRegen  0.10/turn              i - ring of fire

@: mighty, berserk cooldown, slowed, very slow
A: retaliatory headbutt, horns 2
a: Berserk, Trog's Hand, Renounce Religion


You were on level 6 of the Dungeon.
You worshipped Trog.
Trog was most pleased with you.
You were near starving.

You visited 1 branch of the dungeon, and saw 6 of its levels.

You collected 307 gold pieces.

Inventory:

Hand Weapons
 q - a +0 rapier (weapon)
Armour
 k - a +0 shield (worn)
 v - a +0 chain mail (worn)
Jewellery
 a - an uncursed ring of magical power
 i - a ring of fire (right hand)
 s - a +3 ring of intelligence (left hand)
Scrolls
 b - a scroll of teleportation
 d - 6 scrolls of identify
 e - 3 scrolls of fear
 f - 4 scrolls of remove curse
 g - 2 scrolls of fog {unknown}
 h - a scroll of enchant weapon {unknown}
 n - 2 scrolls of immolation {unknown}
 o - a scroll of noise {unknown}
 p - 3 scrolls of magic mapping {unknown}
Potions
 l - a potion of curing {unknown}
 m - 2 potions of resistance
 r - a potion of magic
 u - 3 potions of heal wounds
Comestibles
 c - 7 rations
 w - 6 chunks of flesh


   Skills:
 + Level 6.0 Fighting
 + Level 7.5 Short Blades
 + Level 5.4 Armour
 + Level 3.9 Dodging
 + Level 1.7 Stealth
 + Level 2.7 Shields


You had 7 spell levels left.
You didn't know any spells.
Your spell library was empty.

Dungeon Overview and Level Annotations

Branches:
Dungeon (6/15)             Temple (0/1) D:4

Altars:
Kikubaaqudgha


Innate Abilities, Weirdness & Mutations

You reflexively headbutt those who attack you in melee.
You have a pair of horns on your head.


Message History

* * * LOW HITPOINT WARNING * * *
The orc wizard mumbles some strange words.
The orc wizard blinks!
You barely miss the orc warrior. You headbutt the orc warrior!
The orc warrior is moderately wounded.
The orc warrior hits you with a +0 scimitar.
* * * LOW HITPOINT WARNING * * *
The orc priest calls upon Beogh to heal the orc warrior.
The orc warrior is healed somewhat.
Your shield and chain mail prevent you from hitting the orc warrior.
The orc warrior is lightly wounded.
You block the orc warrior's attack.
The orc wizard hits you but does no damage.
You puncture the orc wizard! Your headbutt misses the orc wizard.
The orc wizard is heavily wounded.
Your skin stops crawling.
You feel less resistant to hostile enchantments.
The orc wizard hits you but does no damage.
The orc warrior hits you with a +0 scimitar!
You die...

#########......# #
#....(.# # #......# #
####....!.# #
#...).....# #
#.....##'## #
#.....##.## #
##.....##)o#########
......(...[oo@.......
....#######oo#######.
..... ##o# .....
#o###### .. #.)[...#
#......# #......#
#......# #......#


You could see an orc warrior, an orc priest, 2 orc wizards and 3 orcs.

Vanquished Creatures
  The ghost of SilverX5502 the Gusty, a novice TeAE (D:5)
  A sky beast (D:5)
  A phantom (D:5)
  An orc warrior (D:6)
  2 ice beasts (D:5)
  An ogre (D:6)
  A centaur skeleton (D:4)
  An orc priest (D:6)
  An iguana (D:6)
  2 worker ants
  An orc wizard (D:6)
  2 bullfrog simulacra (D:5)
  8 adders
  A shadow imp (D:5)
  A howler monkey simulacrum (D:5)
  An adder zombie (D:5)
  An adder skeleton (D:5)
  3 worms
  A dart slug (D:1)
  4 leopard geckos
  4 orcs (D:6)
  4 giant cockroaches
  3 goblins
  9 hobgoblins
  18 jackals
  2 quokkas
  16 bats
  4 frilled lizards
  A giant cockroach simulacrum (D:5)
  2 jackal skeletons
  7 kobolds
  11 rats
116 creatures vanquished.

Notes
Turn   | Place    | Note
-------+----------+-------------------------------------------
     0 | D:1      | ubername the Minotaur Berserker began the quest for the
                  | Orb.
     0 | D:1      | Reached XP level 1. HP: 19/19 MP: 0/0
   273 | D:1      | Reached XP level 2. HP: 26/27 MP: 1/1
   992 | D:1      | Reached XP level 3. HP: 33/33 MP: 2/2
  1105 | D:1      | Reached skill level 4 in Short Blades
  1417 | D:2      | Reached ** piety under Trog
  2173 | D:2      | Reached XP level 4. HP: 39/41 MP: 3/3
  2936 | D:3      | Reached *** piety under Trog
  3248 | D:4      | Found a staircase to the Ecumenical Temple.
  3254 | D:4      | Reached skill level 5 in Short Blades
  3254 | D:4      | Reached XP level 5. HP: 32/47 MP: 4/4
  3937 | D:4      | Found an ancient bone altar of Kikubaaqudgha.
  4010 | D:4      | Reached skill level 1 in Stealth
  4475 | D:5      | Entered Level 5 of the Dungeon
  4475 | D:5      | Found a runed translucent gate.
  4475 | D:5      | Found a runed translucent gate.
  4475 | D:5      | Found a runed translucent gate.
  4480 | D:5      | Noticed a sky beast
  4500 | D:5      | Killed a sky beast
  4500 | D:5      | Reached skill level 5 in Fighting
  4500 | D:5      | Reached XP level 6. HP: 6/56 MP: 5/5
  4883 | D:5      | Found an ancient bone altar of Kikubaaqudgha.
  5311 | D:5      | Reached skill level 6 in Short Blades
  6103 | D:5      | Noticed an ice beast
  6103 | D:5      | Noticed SilverX5502's ghost (novice TeAE)
  6104 | D:5      | Noticed an ice beast
  6139 | D:5      | Killed SilverX5502's ghost
  6139 | D:5      | Reached skill level 1 in Shields
  6139 | D:5      | Reached XP level 7. HP: 61/61 MP: 6/6
  6293 | D:5      | Reached skill level 7 in Short Blades
  6403 | D:6      | Reached skill level 5 in Armour
  6531 | D:6      | Reached XP level 8. HP: 70/70 MP: 7/7
  6569 | D:6      | Slain by an orc warrior

Levels and vault maps discovered:
D:1:      eino_arrival_cavern_e, layout_basic, chequers_serial_rivers_small_a
D:2:      layout_basic, grunt_ministairs_7
D:3:      layout_basic, serial_curves, eino_curves_03, eino_curves_04,
          cheibrodos_sewer_entry_sluice
D:4:      layout_layer_cave, minmay_temple_entry_drinking_statues,
          minmay_ruined_shrine
D:5:      layout_layer_cave, basic_altar, first_ration, gammafunk_ghost_icy
D:6:      layout_basic, ebering_ghost_sewer_d, serial_shops, shop, shop, shop

Skill      XL: |  1  2  3  4  5  6  7  8 |
---------------+-------------------------+-----
Fighting       | 4 5 6 |  6.0
Short Blades   | 4 5 6 7 |  7.5
Dodging        | 3 |  3.9
Stealth        | 1 |  1.7
Armour         | 3 5 |  5.4
Shields        | 1 2 |  2.7

Action                   |  1- 3 |  4- 6 |  7- 9 || total
-------------------------+-------+-------+-------++-------
Melee: Short sword       |    94 |       |       ||    94
       Headbutt          |    18 |    20 |     9 ||    47
       Rapier            |     3 |   161 |    63 ||   227
Invok: Berserk           |       |     2 |     3 ||     5
       Trog's Hand       |       |       |     1 ||     1
  Use: Scroll            |       |     5 |       ||     5
       Potion            |       |     7 |     1 ||     8
  Eat: Chunk             |     4 |     7 |     3 ||    14
       Ration            |       |     2 |       ||     2
Armor: Animal skin       |    17 |    13 |       ||    30
       Ring mail         |       |    13 |       ||    13
       Chain mail        |       |    32 |    30 ||    62
Dodge: Dodged            |    76 |    61 |    20 ||   157
Block: Shield            |       |    25 |    32 ||    57
